 Dungeon Crawl Stone Soup version 0.25.0-11-g1f837a76a1 (webtiles) character file.

Game seed: 12445051395797590027

21933 sanka the Spry (level 12, -3/84 HPs)
             Began as a Tengu Assassin on June 25, 2020.
             Was a High Priest of Ru.
             Slain by a salamander
             ... wielding a +0 halberd
              (4 damage)
             ... in a volcano.
             The game lasted 00:52:07 (17608 turns).

sanka the Spry (Tengu Assassin)                    Turns: 17608, Time: 00:52:09

Health: -3/84      AC:  6    Str: 14    XL:     12   Next: 95%
Magic:  13/13      EV: 32    Int: 14    God:    Ru [*****.]
Gold:   654        SH:  0    Dex: 25    Spells: 11/11 levels left

rFire    + . .     SeeInvis .   a - +3 great sword (vorpal)
rCold    x . .     Gourm    .   (shield currently unavailable)
rNeg     . . .     Faith    .   M - +1 leather armour {rF+}
rPois    .         Spirit   .   (helmet restricted)
rElec    .         Reflect  .   c - +0 cloak
rCorr    .         Harm     .   U - +0 pair of fencer's gloves {Riposte Dex+3}
MR       .....                  (boots unavailable)
Stlth    +++.......             T - amulet of magic regeneration
HPRegen  0.24/turn              z - ring of protection from fire
MPRegen  0.38/turn              D - +6 ring of dexterity

@: exhausted, flying quickly and evasively, drained, quick
A: beak, talons 3, inability to use devices, no hexes magic, no poison magic, no
translocations magic, able to fly, temperature sensitive
a: Stop Flying, Draw Out Power, Power Leap, Apocalypse, Renounce Religion


You were in a volcano.
You worshipped Ru.
Ru was extremely pleased with you.
You were very hungry.

You visited 3 branches of the dungeon, and saw 14 of its levels.
You also visited: Volcano.

You collected 654 gold pieces.


Innate Abilities, Weirdness & Mutations

You have a beak for a mouth.
You have claws for feet.
You cannot study or use magical devices.
You cannot study or cast Hexes magic.
You cannot study or cast Poison magic.
You cannot study or cast Translocations magic.
You can fly continuously.
You are sensitive to extremes of temperature. (rF-, rC-)


   Skills:
 + Level 13.6(12.1) Fighting
   Level 3.0(1.9) Short Blades
 - Level 2.0(0.9) Throwing
 + Level 16.4(14.8) Dodging
 - Level 4.0(2.8) Stealth


You had 11 spell levels left.
You didn't know any spells.
Your spell library contained the following spells:

 Spells                   Type           Power        Failure   Level  Hunger
 Beastly Appendage        Tmut           #.....       36%         1    ##.....
 Foxfire                  Conj/Fire      #...         36%         1    ##.....
 Magic Dart               Conj           #...         36%         1    ##.....
 Searing Ray              Conj           #.....       50%         2    ###....
 Sticks to Snakes         Tmut           #.......     50%         2    ###....
 Conjure Flame            Conj/Fire      #.......     73%         3    ####...
 Ice Form                 Ice/Tmut       #.......     98%         4    #####..
 Petrify                  Tmut/Erth      #.......     98%         4    #####..
 Sticky Flame             Conj/Fire      #.......     98%         4    #####..
 Blade Hands              Tmut           #.........   100%        5    ######.
 Fireball                 Conj/Fire      #.........   100%        5    ######.
 Confusing Touch          Hex            Unusable     N/A         3    N/A
 Dazzling Flash           Conj/Hex       Unusable     N/A         3    N/A
 Gell's Gravitas          Tloc           Unusable     N/A         3    N/A
 Inner Flame              Hex/Fire       Unusable     N/A         3    N/A
 Spider Form              Tmut/Pois      Unusable     N/A         3    N/A
 Fulminant Prism          Conj/Hex       Unusable     N/A         4    N/A
 Iskenderun's Mystic Bla  Conj/Tloc      Unusable     N/A         4    N/A
 Metabolic Englaciation   Hex/Ice        Unusable     N/A         5    N/A
 Yara's Violent Unravell  Hex/Tmut       Unusable     N/A         5    N/A

Inventory:

Hand Weapons
 a - a +3 vorpal great sword (weapon)
 b - a +2 vorpal hunting sling
 y - a +0 halberd
 N - the +3 battleaxe "Xur Coar" {vorpal, Dex+4}

   It inflicts extra damage upon your enemies.
   It affects your dexterity (+4).
Missiles
 d - 18 poisoned darts (quivered)
 e - 2 curare-tipped darts {=f}
 h - 253 stones
 r - 3 throwing nets {=f}
 P - 8 silver javelins
Armour
 c - a +0 cloak (worn)
 M - a +1 leather armour of fire resistance (worn)
 U - the +0 pair of fencer's gloves (worn) {Riposte Dex+3}

   It affects your dexterity (+3).
Magical Staves
 F - an uncursed staff of air
Jewellery
 w - an uncursed ring of protection from cold
 z - a ring of protection from fire (left hand)
 B - a +6 ring of dexterity
 D - a +6 ring of dexterity (right hand)
 E - an uncursed ring of protection from magic
 T - an amulet of magic regeneration (around neck)
 Y - an uncursed ring of protection from fire
Scrolls
 i - 6 scrolls of teleportation {@r4}
 k - 3 scrolls of magic mapping
 l - 2 scrolls of fog {unknown}
 m - a scroll of torment {unknown}
 p - 8 scrolls of remove curse
 v - 4 scrolls of enchant armour
 x - a scroll of enchant weapon
 O - a scroll of blinking
Potions
 j - a potion of resistance
 s - 3 potions of brilliance {unknown}
 t - 6 potions of curing {@q1}
 A - 3 potions of lignification {!q}
 C - 7 potions of haste {@q3}
 G - a potion of flight {unknown}
 H - a potion of berserk rage {unknown}
 K - 6 potions of might
 L - 2 potions of cancellation {unknown}
 Q - 2 potions of heal wounds {unknown}
Comestibles
 f - 30 rations

Dungeon Overview and Level Annotations

Branches:
Dungeon (11/15)            Temple (1/1) D:6            Lair (2/6) D:9
    Orc (0/2) D:9         Volcano (1/1)
  Swamp: Lair:2-4    Shoals: Lair:2-4     Snake: Lair:2-4    Spider: Lair:2-4

Altars:
Ashenzari
Cheibriados
Dithmenos
Elyvilon
Fedhas
Gozag
Hepliaklqana
Kikubaaqudgha
Makhleb
Nemelex Xobeh
Okawaru
Qazlal
Ru
Sif Muna
Trog
Uskayaw
Vehumet
Wu Jian
Xom
Yredelemnul
Zin
The Shining One

Shops:
D:9 [   D:10 =

Annotations:
D:6 1 runed translucent door, Enish's ghost, novice DDFi
D:9 exclusions: ice statue and obsidian statue

▒▒▒.....##≈#≈°°≈≈°≈≈###.
▒▒▒....###≈#≈###≈≈≈≈#≈#.▒
▒.......##≈≈≈≈≈≈≈#≈≈≈≈≈.▒
▒▒▒▒.....≈≈#≈≈###≈≈≈≈≈≈≈.
▒▒▒.......≈≈###≈#☼≈≈≈≈≈≈#≈
▒........##≈≈≈≈#°☼≈#≈##≈≈#
▒▒▒......##≈≈≈≈≈☼☼≈≈≈#≈≈≈≈
▒▒.....#≈##°°≈☼°≈≈##≈#≈≈
▒......QN.###☼°°#≈#####≈
▒▒▒▒▒....#.#≈#☼☼≈≈≈≈≈≈≈≈
▒▒.....(.#§°≈#.≈≈≈#.
▒▒▒....(..°........
▒▒......☼......▒▒
▒▒...........▒▒
▒▒▒..▒▒.▒▒▒▒▒ ▒▒▒▒▒▒▒


You could see a salamander.


Message History

Aim: a salamander, wielding a +0 halberd (flame, severely wounded)
You shoot a sling bullet. The sling bullet hits the salamander.
The salamander is almost dead.
Firing (i - inventory. (/) - cycle)
n - 3 sling bullets (quivered)
Aim: a salamander, wielding a +0 halberd (flame, almost dead)
You shoot a sling bullet.
The sling bullet hits the salamander but does no damage.
The salamander is almost dead.
Firing (i - inventory. (/) - cycle)
n - 2 sling bullets (quivered)
Aim: a salamander, wielding a +0 halberd (black smoke, almost dead)
You shoot a sling bullet.
The sling bullet barely misses the salamander.
You hear a sizzling splash.
Firing (i - inventory. (/) - cycle)
n - a sling bullet (quivered)
Aim: a salamander, wielding a +0 halberd (black smoke, lava, almost dead)
You shoot a sling bullet. The sling bullet hits the salamander.
The salamander is almost dead.
The salamander barely misses you.
a - a +3 vorpal great sword (weapon)
The salamander misses you.
You barely miss the salamander. You claw the salamander.
The salamander is almost dead.
The salamander hits you with a +0 halberd!
* * * LOW HITPOINT WARNING * * *
You are engulfed in flames.
You resist.
You die...

Action                   |  1- 3 |  4- 6 |  7- 9 | 10-12 || total
-------------------------+-------+-------+-------+-------++-------
Melee: Dagger            |    59 |    82 |   163 |    94 ||   398
       Peck              |     9 |     7 |    51 |   267 ||   334
       Kick              |    15 |    22 |    97 |   440 ||   574
       Flail             |       |       |    18 |     5 ||    23
       Hunting sling     |       |       |     1 |       ||     1
       Hand axe          |       |       |       |   383 ||   383
       Great sword       |       |       |       |    52 ||    52
       Battleaxe         |       |       |       |     7 ||     7
 Fire: Hunting sling     |     5 |   135 |   161 |    80 ||   381
Throw: Dart              |       |     2 |    23 |    10 ||    35
Invok: Sacrifice Resista |       |       |     1 |       ||     1
       Sacrifice Artific |       |       |       |     1 ||     1
       Apocalypse        |       |       |       |     3 ||     3
       Sacrifice Arcana  |       |       |       |     1 ||     1
 Abil: Fly               |       |     1 |       |       ||     1
Evoke: Wand              |       |       |     7 |     1 ||     8
  Use: Scroll            |       |       |     1 |    14 ||    15
       Potion            |       |       |       |     2 ||     2
 Stab: Sleeping          |     4 |     1 |     4 |    10 ||    19
       Distracted        |       |       |       |     5 ||     5
       Invisible         |       |       |       |     2 ||     2
       Paralysed         |       |       |       |     6 ||     6
  Eat: Chunk             |     1 |     8 |    16 |    26 ||    51
Armor: Robe              |     8 |     9 |    10 |       ||    27
       Leather armour    |       |       |    15 |    32 ||    47
Dodge: Dodged            |    30 |    57 |   224 |   696 ||  1007
Block: Buckler           |     7 |    12 |    49 |   103 ||   171
       Rpst.: Dagger     |       |       |       |    18 ||    18
       Hand axe          |       |       |       |   141 ||   141
       Hunting sling     |       |       |       |     6 ||     6
       Great sword       |       |       |       |    37 ||    37
       Battleaxe         |       |       |       |     3 ||     3

Levels and vault maps discovered:
D:1:      minmay_arrival_plants_in_alcoves, layout_basic,
          chequers_serial_rivers_micro_e, minmay_misc_feat_doors, minivault_23
D:2:      layout_loops_ring
D:3:      layout_basic
D:4:      layout_basic, first_ration, grunt_decor_resistance
D:5:      layout_loops_ring, dk_vineyard_3
D:6:      layout_rooms, nicolae_temple_entry_ecumenical,
          ebering_ghost_reflecting_pool, grunt_ministairs_3, uniq_duvessa,
          uniq_eustachio, uniq_prince_ribbit1, uniq_blork_the_orc
D:7:      minmay_clustersquares, layout_basic, kennysheep_little_box,
          uniq_harold, uniq_menkaure
D:8:      layout_cave_pools
D:9:      minmay_separated_statues, layout_small_grid, minmay_lair_entry_grove,
          erik_orc_1, serial_shops, nicolae_shop_stone
D:10:     layout_basic, serial_shops, shop, hangedman_stone_soup
D:11:     layout_grid_maze, uniq_urug
Temple:   regret_index_temple_sigil_plot
Lair:1:   gammafunk_cloud_chamber, layout_regular_city, grunt_megastairs_4
Lair:2:   layout_cave_shapes, basic_altar, nicolae_volcano_entry_hallway,
          roderic_batcave, st_stairs_5
Volcano:  volcano_lake [vl_original]

Notes
Turn   | Place    | Note
-------+----------+-------------------------------------------
     0 | D:1      | sanka the Tengu Assassin began the quest for the Orb.
     0 | D:1      | Reached XP level 1. HP: 12/12 MP: 2/2
   139 | D:1      | Reached skill level 2 in Dodging
   139 | D:1      | Reached XP level 2. HP: 17/17 MP: 3/3
   486 | D:1      | Reached skill level 3 in Dodging
   493 | D:1      | Reached XP level 3. HP: 16/21 MP: 4/4
  1146 | D:2      | Reached XP level 4. HP: 26/26 MP: 5/5
  1468 | D:2      | Reached skill level 3 in Short Blades
  1468 | D:2      | Reached skill level 4 in Dodging
  1683 | D:2      | Noticed an orc warrior
  1890 | D:3      | Gained mutation: You can fly continuously. [Tengu growth]
  1890 | D:3      | Reached XP level 5. HP: 30/30 MP: 6/6
  2032 | D:3      | Reached skill level 5 in Dodging
  2800 | D:3      | Reached XP level 6. HP: 35/35 MP: 7/7
  2860 | D:4      | Reached skill level 6 in Dodging
  3707 | D:4      | Reached skill level 7 in Dodging
  3981 | D:5      | Entered Level 5 of the Dungeon
  3992 | D:5      | Reached XP level 7. HP: 40/40 MP: 8/8
  4177 | D:5      | Reached skill level 8 in Dodging
  4992 | D:3      | Reached skill level 9 in Dodging
  5225 | D:2      | Reached XP level 8. HP: 34/45 MP: 9/9
  5845 | D:6      | Reached skill level 3 in Fighting
  5868 | D:6      | Noticed Eustachio
  5889 | D:5      | Reached skill level 4 in Fighting
  6188 | D:6      | Killed Eustachio
  6188 | D:6      | Reached skill level 10 in Dodging
  6453 | D:6      | Reached skill level 5 in Fighting
  6525 | D:6      | Noticed Blork the orc
  6529 | D:6      | Noticed Duvessa
  6531 | D:6      | Noticed Dowan
  6533 | D:6      | Killed Blork the orc
  6583 | D:6      | Killed Duvessa
  6583 | D:6      | Reached XP level 9. HP: 24/54 MP: 10/10
  6590 | D:6      | Killed Dowan
  6951 | D:6      | Found a staircase to the Ecumenical Temple.
  6970 | D:6      | Reached skill level 6 in Fighting
  7144 | D:6      | Found a faded altar of an unknown god.
  7162 | Temple   | Entered the Ecumenical Temple
  7470 | Temple   | Became a worshipper of Ru the Awakened
  7541 | D:6      | Noticed Prince Ribbit
  7562 | D:6      | Killed Prince Ribbit
  7562 | D:6      | Reached skill level 11 in Dodging
  7624 | D:6      | Found a runed translucent door.
  7625 | D:6      | Noticed Enish's ghost (novice DDFi)
  8132 | D:7      | Reached skill level 7 in Fighting
  8303 | D:7      | Noticed Menkaure
  8308 | D:7      | Killed Menkaure
  8387 | D:7      | Noticed Harold
  8787 | D:7      | Found an ancient bone altar of Kikubaaqudgha.
  8971 | D:7      | Reached skill level 8 in Fighting
  9034 | D:7      | Found the +0 pair of fencer's gloves {Riposte Dex+3}
  9048 | D:7      | Gained mutation: You are sensitive to extremes of
                  | temperature. (rF-, rC-) [Ru sacrifice]
  9048 | D:7      | Reached * piety under Ru
  9048 | D:7      | Reached ** piety under Ru
  9048 | D:7      | Reached *** piety under Ru
  9130 | D:7      | Reached skill level 12 in Dodging
  9130 | D:7      | Reached XP level 10. HP: 46/64 MP: 11/11
  9831 | D:7      | Killed Harold
  9831 | D:7      | Reached skill level 9 in Fighting
 10397 | D:8      | Reached skill level 13 in Dodging
 10548 | D:8      | Noticed a two-headed ogre
 10576 | D:8      | Killed a two-headed ogre
 10576 | D:8      | Reached skill level 10 in Fighting
 11073 | D:9      | Reached XP level 11. HP: 72/72 MP: 12/12
 11307 | D:9      | Found a staircase to the Lair.
 11351 | D:9      | Reached skill level 14 in Dodging
 11663 | D:9      | Reached skill level 11 in Fighting
 11702 | D:9      | Noticed an obsidian statue
 11730 | D:9      | Found Tauss's Armour Emporium.
 12006 | D:9      | Found a staircase to the Orcish Mines.
 12155 | D:9      | Gained mutation: You cannot study or use magical devices.
                  | [Ru sacrifice]
 12155 | D:9      | Reached **** piety under Ru
 12155 | D:9      | Reached ***** piety under Ru
 12601 | D:10     | Entered Level 10 of the Dungeon
 12706 | D:10     | Found Qaunn's Jewellery Shop.
 13401 | D:10     | Noticed a cyan ugly thing
 13417 | D:10     | Killed a cyan ugly thing
 13591 | D:11     | Noticed Urug
 13612 | D:11     | Killed Urug
 13612 | D:11     | Reached skill level 12 in Fighting
 13743 | D:11     | Reached skill level 15 in Dodging
 13743 | D:11     | Reached XP level 12. HP: 81/81 MP: 13/13
 15869 | D:11     | Got a spiked ring mail
 15880 | D:11     | Identified the +2 ring mail "Baopobus" {*Slow rElec rF-
                  | MR+++} (You found it on level 11 of the Dungeon)
 15966 | Lair:1   | Entered Level 1 of the Lair of Beasts
 16021 | Lair:1   | Found a transporter.
 16131 | Lair:1   | Found a transporter.
 16133 | Lair:1   | Reached skill level 13 in Fighting
 16153 | Lair:1   | Identified +0 swamp dragon scales
 16153 | Lair:1   | Reached skill level 16 in Dodging
 16166 | Lair:1   | Got a bloodstained battleaxe
 16195 | Lair:1   | Identified the +3 battleaxe "Xur Coar" {vorpal, Dex+4} (You
                  | found it on level 1 of the Lair of Beasts)
 16556 | Lair:1   | Gained mutation: You cannot study or cast Poison magic. [Ru
                  | sacrifice]
 16556 | Lair:1   | Gained mutation: You cannot study or cast Hexes magic. [Ru
                  | sacrifice]
 16556 | Lair:1   | Gained mutation: You cannot study or cast Translocations
                  | magic. [Ru sacrifice]
 16804 | Lair:1   | You are sucked into a shaft and drop 1 floor!
 16829 | Lair:2   | Found a hazy altar of Hepliaklqana.
 16916 | Lair:2   | Found a dark tunnel.
 16933 | Volcano  | Entered a volcano
 17550 | Volcano  | Found a burning altar of Makhleb.
 17562 | Volcano  | HP: 8/84 [salamander/+0 halberd (20)]
 17562 | Volcano  | HP: 2/84 [salamander/+0 halberd (6)]
 17565 | Volcano  | Noticed a hell knight
 17577 | Volcano  | HP: 2/84 [hell knight/puff of flame (3)]
 17608 | Volcano  | HP: 1/84 [salamander/+0 halberd (8)]
 17608 | Volcano  | Slain by a salamander

Vanquished Creatures
  Harold (D:7)
  A two-headed ogre (D:8)
  Urug (D:11)
  A salamander mystic (Volcano)
  2 unseen horrors (D:11)
  2 swamp dragons (Lair:1)
  2 salamanders (Volcano)
  3 ugly things
  A cyclops (D:11)
  A black mamba (Lair:1)
  A spiny frog (Lair:1)
  A komodo dragon (Lair:1)
  A merfolk (D:10)
  A troll (D:9)
  Prince Ribbit (D:6)
  2 hippogriffs
  Eustachio (D:6)
  A vampire (D:7)
  2 fire bats (Volcano)
  23 yaks
  A basilisk (D:9)
  Menkaure (D:7)
  4 hungry ghosts
  A human (D:10)
  6 porcupines
  Duvessa (D:6)
  2 water moccasins
  2 sky beasts
  A swamp drake (D:9)
  4 black bears
  6 orc warriors
  An ice beast (D:5)
  A hornet zombie (D:11)
  A phantom (D:11)
  2 ogres
  2 necrophages
  3 centaurs
  9 crocodiles
  Blork the orc (D:6)
  2 big kobolds
  2 wyvern zombies (D:9)
  6 bullfrogs
  Dowan (D:6)
  A wyvern skeleton (D:10)
  3 scorpions
  5 wights
  5 howler monkeys
  An electric eel (D:10)
  6 lava snakes (Volcano)
  5 crimson imps
  3 centaur zombies
  A quasit (D:9)
  2 bullfrog zombies
  7 hounds
  3 jellies
  A bullfrog skeleton (D:11)
  13 orc priests
  3 centaur skeletons
  2 iguanas
  17 orc wizards
  10 worker ants
  3 hound skeletons
  2 howler monkey zombies (D:7)
  7 adders
  4 gnolls (D:3)
  3 shadow imps
  3 oozes
  2 adder skeletons
  2 worms
  2 dart slugs (D:1)
  2 leopard geckos
  53 orcs
  3 ball pythons
  8 bats
  6 giant cockroaches
  13 goblins
  8 hobgoblins
  17 jackals
  6 quokkas
  4 frilled lizards
  A jackal zombie (D:8)
  22 kobolds
  A quokka zombie (D:8)
  9 rats
378 creatures vanquished.

Vanquished Creatures (others)
  A centaur skeleton (D:11)
  A yak (D:10)
  An orc priest (D:7)
  2 bushes (D:9)
  15 plants (D:9)
20 creatures vanquished.

Grand Total: 398 creatures vanquished
